 Dungeon Crawl Stone Soup version 0.26.1-11-gd32895ea62 (webtiles) character file.

Game seed: 16546817656119409073

58 pcat the Conjurer (level 3, -5/20 HPs)
             Began as a Deep Elf Conjurer on May 26, 2021.
             Killed by divine providence
             ... invoked by an orc priest
              (11 damage)
             ... on level 2 of the Dungeon.
             The game lasted 00:03:16 (2311 turns).

pcat the Conjurer (Deep Elf Conjurer)               Turns: 2311, Time: 00:03:17

Health: -5/20      AC:  3    Str:  4    XL:     3   Next: 76%
Magic:  7/10       EV: 13    Int: 23    God:
Gold:   63         SH:  0    Dex: 13    Spells: 9/10 levels left

rFire    . . .     SeeInvis .   p - +2 dagger (protect)
rCold    . . .     Faith    .   (no shield)
rNeg     . . .     Spirit   .   o - +0 robe (curse)
rPois    .         Reflect  .   (no helmet)
rElec    .         Harm     .   (no cloak)
rCorr    .         Rampage  .   l - +0 pair of gloves
Will     .....                  (no boots)
Stlth    ++........             (no amulet)
HPRegen  0.06/turn              (no ring)
MPRegen  0.12/turn              (no ring)

@: no status effects
A: no striking features
a: no special abilities


You were on level 2 of the Dungeon.
You visited 1 branch of the dungeon, and saw 2 of its levels.

You collected 63 gold pieces.

Inventory:

Hand Weapons
 p - a +2 dagger of protection (weapon)
Missiles
 h - 70 stones
 i - a throwing net
Armour
 a - a +0 robe
 l - a +0 pair of gloves (worn)
 o - a cursed +0 robe (worn)
Scrolls
 b - a scroll of identify {unknown}
 c - 2 scrolls of amnesia {unknown}
 e - a scroll of remove curse {unknown}
 f - a scroll of magic mapping {unknown}
 g - 2 scrolls of enchant armour {unknown}
 q - a scroll of teleportation {unknown}
 r - a scroll of fear {unknown}
Potions
 d - a potion of ambrosia {unknown}
 j - 2 potions of curing {unknown}
 k - a potion of degeneration {unknown}
 m - 2 potions of haste {unknown}
 n - a potion of mutation {unknown}


   Skills:
 + Level 1.0 Fighting
 - Level 2.5 Dodging
 - Level 2.4 Stealth
 * Level 4.2 Spellcasting
 * Level 5.1 Conjurations


You had 9 spell levels left.
You knew the following spells:

 Your Spells              Type           Power        Failure   Level
a - Magic Dart            Conj           100%         1%          1

Your spell library contained the following spells:

 Spells                   Type           Power        Failure   Level
 Searing Ray              Conj           56%          1%          2
 Dazzling Flash           Conj/Hex       32%          11%         3
 Fulminant Prism          Conj/Hex       8%           34%         4
 Iskenderun's Mystic Bla  Conj/Tloc      16%          34%         4


Dungeon Overview and Level Annotations

Branches:
Dungeon (2/15)

Altars:

Annotations:
D:2 Sigmund


Message History

Aiming: Magic Dart (safe; 1% risk of failure)
Press: ? - help, Shift-Dir - straight line, f/p - orc
Aim: an orc, wielding a +0 club and wearing a +0 leather armour (0% to evade)
The magic dart hits the orc priest.
The orc priest is heavily wounded.
Casting: Magic Dart (safe; 1% risk of failure)
Confirm with . or Enter, or press ? or * to list all spells.
Aiming: Magic Dart (safe; 1% risk of failure)
Press: ? - help, Shift-Dir - straight line, f/p - orc
Aim: an orc, wielding a +0 club and wearing a +0 leather armour (0% to evade)
The magic dart hits the orc.
The orc is heavily wounded.
The orc priest calls down the wrath of Beogh upon you.
Pain shoots through your body!
Ouch! That really hurt!
* * * LOW HITPOINT WARNING * * *
The orc priest invokes the aid of Beogh against you.
Beogh smites you!
Ouch! That really hurt!
You die...

##.#.#####.##..##......##
##†#.#.## #. #..##.o....#
#.#.#.#.###.###.##......#
.#.###.#.##....o...........
#.##)##.#.#####.o#.........
.##.#.##.#.## #.o#.........
##.#.#.##.#.###.o#.........
#.#.#.#.##.#.###.#.........
.#.##..#†##.#†##@#.........
#.##..#.##.#.##..##+######
.##.)#.##.#.##...#
##.#..##.#.##.#..#
#.#.(##.#.##.#.#.#
†#..##.#.##.#.##...
#.#.#.#.##.#.###....
##.#.#.##.#.## #......
.##.#.##.#.## #..#...


You could see an orc priest and 3 orcs.

Vanquished Creatures
  2 adders (D:2)
  A dart slug (D:2)
  A ball python (D:2)
  A giant cockroach (D:1)
  4 goblins
  2 hobgoblins (D:1)
  8 jackals
  2 kobolds
  2 quokkas (D:2)
  2 bats
  4 frilled lizards
  8 rats
37 creatures vanquished.

Notes
Turn   | Place    | Note
-------+----------+-------------------------------------------
     0 | D:1      | pcat the Deep Elf Conjurer began the quest for the Orb.
     0 | D:1      | Reached XP level 1. HP: 10/10 MP: 6/6
   447 | D:1      | Reached XP level 2. HP: 15/15 MP: 5/8
  2019 | D:2      | Reached XP level 3. HP: 20/20 MP: 7/10
  2086 | D:2      | Reached skill level 5 in Conjurations
  2232 | D:2      | Reached skill level 1 in Fighting
  2293 | D:2      | Noticed Sigmund
  2311 | D:2      | Killed from afar by an orc priest

Illustrated notes

Levels and vault maps discovered:
D:1:      dpeg_arrival_erosion, layout_basic, hex_intersection
D:2:      minmay_inner_zag, layout_basic,
          chequers_ecumenical_altar_simple_redux, uniq_sigmund

Skill      XL: |  1  2  3 |
---------------+----------+-----
Conjurations   | 5 |  5.1
Spellcasting   | 4 |  4.2
Fighting       | 1 |  1.0
Dodging        | |  2.5
Stealth        | |  2.4

Action                   || total
-------------------------++-------
 Cast: Magic Dart        ||    67
Armor: Robe              ||     1
Dodge: Dodged            ||     8
